 Dungeon Crawl Stone Soup version 0.27.1-1-g398f81649c (webtiles) character file.

Game seed: 12830880066074163398

6787 MisterFreud the Fighter (level 11, -2/87 HPs)
             Began as a Gnoll Wanderer on Sept 21, 2021.
             Was a High Priest of the Shining One.
             Slain by a two-headed ogre (7 damage)
             ... on level 10 of the Dungeon.
             The game lasted 00:11:42 (10199 turns).

MisterFreud the Fighter (Gnoll Wanderer)           Turns: 10199, Time: 00:11:42

Health: -2/87      AC: 17    Str: 11    XL:     11   Next: 5%
Magic:  19/19      EV: 11    Int: 13    God:    the Shining One [*****.]
Gold:   347        SH:  5    Dex: 14    Spells: 21/21 levels left

rFire    . . .     SeeInvis +   p - +2 dagger (elec)
rCold    . . .     Faith    +   R - +0 buckler
rNeg     + + +     Spirit   .   O - +3 scale mail of Cetau {rN+ Will++ rCorr}
rPois    +         Reflect  .   M - +1 helmet
rElec    .         Harm     .   I - +0 cloak
rCorr    +         Rampage  .   L - +1 pair of gloves
Will     ++...                  x - +0 pair of boots
Stlth    +.........             j - amulet of faith
HPRegen  0.24/turn              g - ring of see invisible
MPRegen  0.16/turn              G - ring of poison resistance

@: glowing
A: fangs 1, strong nose, distributed training
a: Renounce Religion, Divine Shield, Cleansing Flame, Summon Divine Warrior


You were on level 10 of the Dungeon.
You worshipped the Shining One.
The Shining One was extremely pleased with you.
You visited 2 branches of the dungeon, and saw 11 of its levels.

You collected 431 gold pieces.
You spent 84 gold pieces at shops.

Inventory:

Hand Weapons
 a - a +0 quarterstaff
 f - a +0 dagger
 p - a +2 dagger of electrocution (weapon)
Missiles
 i - 50 poisoned darts (quivered)
 n - 2 throwing nets
 D - 2 boomerangs of dispersal
 E - 8 boomerangs
 P - 7 javelins
Armour
 e - a +0 robe
 x - a +0 pair of boots (worn)
 I - a +0 cloak (worn)
 L - a +1 pair of gloves (worn)
 M - a +1 helmet (worn)
 O - the +3 scale mail of Cetau (worn) {rN+ Will++ rCorr}
   (You found it on level 8 of the Dungeon)

   rN:        It protects you from negative energy.
   rCorr:     It protects you from acid and corrosion.
   Will:      It greatly increases your willpower.
 R - a +0 buckler (worn)
Jewellery
 g - a ring of see invisible (left hand)
 j - an amulet of faith (around neck)
 m - a +6 ring of dexterity
 v - a ring of flight
 y - a ring of resist corrosion
 B - a ring of positive energy
 G - a ring of poison resistance (right hand)
Wands
 J - a wand of acid (4)
Scrolls
 b - 3 scrolls of blinking
 d - 2 scrolls of teleportation
 l - 3 scrolls of vulnerability {unknown}
 r - a scroll of enchant weapon {unknown}
 t - 2 scrolls of magic mapping {unknown}
 u - 3 scrolls of immolation {unknown}
 w - 9 scrolls of identify {unknown}
 z - 3 scrolls of amnesia {unknown}
 A - a scroll of noise {unknown}
 F - a scroll of fog {unknown}
 H - a scroll of fear {unknown}
 K - a scroll of silence {unknown}
 N - a scroll of brand weapon {unknown}
 Q - a scroll of enchant armour {unknown}
Potions
 c - 2 potions of haste
 h - 4 potions of lignification {unknown}
 k - a potion of attraction {unknown}
 o - 3 potions of heal wounds
 q - 2 potions of resistance {unknown}
 s - a potion of might {unknown}
 C - 3 potions of curing {unknown}


   Skills:
 + Level 8.9 Fighting
 + Level 5.9 Short Blades
 + Level 5.9 Long Blades
 + Level 5.9 Axes
 + Level 5.9 Maces & Flails
 + Level 5.9 Polearms
 + Level 5.9 Staves
 + Level 5.9 Slings
 + Level 5.9 Bows
 + Level 5.9 Crossbows
 + Level 5.9 Throwing
 + Level 5.9 Armour
 + Level 7.5 Dodging
 + Level 7.3 Stealth
 + Level 5.9 Shields
 + Level 7.5 Unarmed Combat
 + Level 5.9 Spellcasting
 + Level 4.8 Conjurations
 + Level 4.8 Hexes
 + Level 4.8 Summonings
 + Level 4.8 Necromancy
 + Level 4.8 Translocations
 + Level 4.8 Transmutations
 + Level 4.8 Fire Magic
 + Level 4.8 Ice Magic
 + Level 4.8 Air Magic
 + Level 4.8 Earth Magic
 + Level 4.8 Poison Magic
 + Level 6.4 Invocations
 + Level 6.5 Evocations


You had 21 spell levels left.
You didn't know any spells.
Your spell library contained the following spells:

 Spells                   Type           Power      Damage    Failure   Level
 Magic Dart               Conj           64%        1d6       12%         1
 Call Imp                 Summ           16%        N/A       17%         2
 Corpse Rot               Necr/Air       N/A        N/A       17%         2
 Poisonous Vapours        Pois/Air       32%        N/A       17%         2
 Searing Ray              Conj           32%        3d4       17%         2
 Slow                     Hex            16%        N/A       17%         2
 Confusing Touch          Hex            16%        N/A       34%         3
 Ignite Poison            Fire/Tmut/Pois 16%        N/A       34%         3
 Mephitic Cloud           Conj/Pois/Air  16%        N/A       34%         3
 Stone Arrow              Conj/Erth      32%        3d9       34%         3
 Animate Armour           Summ/Erth      32%        N/A       75%         4
 Fulminant Prism          Conj/Hex       8%         3d7       75%         4
 Blade Hands              Tmut           8%         N/A       97%         5
 Bolt of Magma            Conj/Fire/Erth 8%         4d6       97%         5
 Freezing Cloud           Conj/Ice/Air   8%         6-21      97%         5
 Yara's Violent Unravell  Hex/Tmut       8%         3d5       97%         5
 Iron Shot                Conj/Erth      8%         9d3       100%        6
 Lehudib's Crystal Spear  Conj/Erth      8%         10d3      100%        8


Dungeon Overview and Level Annotations

Branches:
Dungeon (9/15)             Temple (0/1) D:5            Lair (1/6) D:8
    Orc: D:9-12

Altars:
Ashenzari
Dithmenos
Gozag
Hepliaklqana
Nemelex Xobeh
Sif Muna
Trog
Wu Jian
Yredelemnul
Zin
The Shining One

Shops:
D:3 !   D:4 :*   D:6 [   D:7 *

Annotations:
D:4 3 runed translucent doors, Borgoz's ghost, novice GrFi


Innate Abilities, Weirdness & Mutations

You have very sharp teeth.
Your uncanny sense of smell can sniff out nearby items.
Your experience applies equally to all skills.


Message History

Things that are here:
a yak corpse; a killer bee corpse; a yak corpse No target in view!
HP restored.
You fall into a shaft and drop 1 floor!
The shaft crumbles and collapses.
Found an escape hatch in the ceiling.
You can now summon a divine warrior.
A two-headed ogre comes into view. It is wielding two +0 giant clubs.
The two-headed ogre hits you with a +0 giant club!!
The two-headed ogre hits you with a +0 giant club!
There is an escape hatch in the ceiling, spattered with blood here.
You hit the two-headed ogre.
The two-headed ogre is lightly wounded.
You hit the two-headed ogre.
Lightning courses through the two-headed ogre!
The two-headed ogre is moderately wounded.
The two-headed ogre hits you with a +0 giant club! x2
* * * LOW HITPOINT WARNING * * *
You hit the two-headed ogre.
Lightning courses through the two-headed ogre!
The two-headed ogre is heavily wounded.
You hit the two-headed ogre but do no damage.
The two-headed ogre is heavily wounded.
The two-headed ogre hits you with a +0 giant club!!
* * * LOW HITPOINT WARNING * * *
The two-headed ogre hits you but does no damage.
Aiming: Corrosive Bolt
Press: ? - help, Shift-Dir - straight line, f - two-headed ogre
Aim: a two-headed ogre, wielding two +0 giant clubs (heavily wounded, haloed, 91% to hit)
The bolt of acid hits the two-headed ogre!
The two-headed ogre is splashed with acid.
The acid corrodes the two-headed ogre!
The two-headed ogre is almost dead.
Unknown command.
Unknown command.
You hit the two-headed ogre.
The two-headed ogre is almost dead.
The two-headed ogre hits you with a +0 giant club!
You die...

....#.
#....#
#.... ###
#...#
...####...#
#.......#
#....O#
#....@#
##.....##
#.......#
##..###...#
##.###
##.....
###.##
#.....
##..##
....#
##...#
....#
#...## ....


You could see a two-headed ogre (corroded).

Vanquished Creatures
  Harold (D:7)
  A hornet (D:8)
  Prince Ribbit (D:5)
  4 wyverns
  A wraith (D:7)
  7 yaks
  2 vampire mosquitoes (D:9)
  4 water moccasins
  An ice beast (D:7)
  2 orc warriors (D:8)
  2 sky beasts
  6 black bears
  A necrophage (D:6)
  4 centaurs
  A kobold brigand (D:9)
  3 bullfrogs
  2 wyvern zombies (D:8)
  2 scorpions (D:5)
  10 killer bees
  A bullfrog zombie (D:6)
  5 orc priests
  A bullfrog skeleton (D:5)
  Crazy Yiuf (D:5)
  2 centaur skeletons (D:7)
  A hound (D:6)
  A jelly (D:5)
  10 orc wizards
  3 iguanas
  A scorpion zombie (D:5)
  A hound zombie (D:5)
  A howler monkey zombie (D:8)
  Robin (D:3)
  4 gnolls (D:6)
  5 adders
  2 ufetubi (D:5)
  An adder skeleton (D:4)
  2 worms (D:2)
  5 dart slugs
  31 orcs
  7 ball pythons
  4 bats
  A bat zombie (D:1)
  8 endoplasms
  6 giant cockroaches
  27 goblins
  6 hobgoblins
  3 jackals (D:3)
  2 quokkas
  A ball python zombie (D:1)
  6 frilled lizards
  10 kobolds
  4 rats
  A spectral hobgoblin (D:1)
  A spectral orc (D:4)
221 creatures vanquished.

Vanquished Creatures (others)
  8 fungi
  16 plants (D:8)
24 creatures vanquished.

Grand Total: 245 creatures vanquished

Notes
Turn   | Place    | Note
-------+----------+-------------------------------------------
     0 | D:1      | MisterFreud the Gnoll Wanderer began the quest for the Orb.
     0 | D:1      | MisterFreud set off with the following items: a +0
                  | quarterstaff, a scroll of blinking, a potion of haste, a
                  | scroll of teleportation, a +0 robe, a +0 dagger
     0 | D:1      | Reached XP level 1. HP: 23/23 MP: 1/1
   155 | D:1      | Reached XP level 2. HP: 29/29 MP: 2/2
   302 | D:1      | Found a faded altar of an unknown god.
   317 | D:1      | Became a worshipper of the Shining One
   317 | D:1      | Reached * piety under the Shining One
   586 | D:1      | Reached XP level 3. HP: 25/35 MP: 3/3
  1360 | D:2      | Reached skill level 1 in Invocations
  1427 | D:2      | Reached skill level 1 in Short Blades
  1427 | D:2      | Reached skill level 1 in Long Blades
  1427 | D:2      | Reached skill level 1 in Axes
  1427 | D:2      | Reached skill level 1 in Maces & Flails
  1427 | D:2      | Reached skill level 1 in Polearms
  1427 | D:2      | Reached skill level 1 in Staves
  1427 | D:2      | Reached skill level 1 in Slings
  1427 | D:2      | Reached skill level 1 in Bows
  1427 | D:2      | Reached skill level 1 in Crossbows
  1427 | D:2      | Reached skill level 1 in Throwing
  1427 | D:2      | Reached skill level 1 in Armour
  1427 | D:2      | Reached skill level 1 in Shields
  1427 | D:2      | Reached skill level 1 in Spellcasting
  1437 | D:2      | Reached XP level 4. HP: 18/41 MP: 5/5
  1559 | D:2      | Reached skill level 1 in Conjurations
  1559 | D:2      | Reached skill level 1 in Hexes
  1559 | D:2      | Reached skill level 1 in Summonings
  1559 | D:2      | Reached skill level 1 in Necromancy
  1559 | D:2      | Reached skill level 1 in Translocations
  1559 | D:2      | Reached skill level 1 in Transmutations
  1559 | D:2      | Reached skill level 1 in Fire Magic
  1559 | D:2      | Reached skill level 1 in Ice Magic
  1559 | D:2      | Reached skill level 1 in Air Magic
  1559 | D:2      | Reached skill level 1 in Earth Magic
  1559 | D:2      | Reached skill level 1 in Poison Magic
  1664 | D:2      | Reached ** piety under the Shining One
  2198 | D:2      | Reached XP level 5. HP: 46/47 MP: 6/6
  2446 | D:3      | Found a hazy altar of Hepliaklqana.
  2455 | D:3      | Noticed a sky beast
  2474 | D:3      | Killed a sky beast
  2475 | D:3      | Reached XP level 6. HP: 19/53 MP: 8/8
  2562 | D:3      | Found a sparkling altar of Nemelex Xobeh.
  2893 | D:3      | Found Nubb's Distillery.
  2897 | D:3      | Bought a potion of heal wounds for 70 gold pieces
  2897 | D:3      | Bought a potion of degeneration for 14 gold pieces
  3366 | D:3      | Noticed Robin
  3389 | D:3      | Killed Robin
  3390 | D:3      | Reached skill level 5 in Dodging
  3390 | D:3      | Reached skill level 5 in Unarmed Combat
  3680 | D:4      | Noticed Borgoz's ghost (novice GrFi)
  3680 | D:4      | Found a runed translucent gate.
  3680 | D:4      | Found a runed translucent gate.
  3680 | D:4      | Found a runed translucent gate.
  3916 | D:4      | Found a basalt altar of Yredelemnul.
  3954 | D:4      | Found Wirch's Book Shoppe.
  4082 | D:4      | Found a broken altar of Ashenzari.
  4135 | D:4      | Reached *** piety under the Shining One
  4204 | D:4      | Found a bloodstained altar of Trog.
  4257 | D:4      | Found Zin's Purification Station.
  4260 | D:4      | Found a glowing silver altar of Zin.
  4335 | D:5      | Entered Level 5 of the Dungeon
  4360 | D:5      | Noticed Prince Ribbit
  4371 | D:5      | Killed Prince Ribbit
  4372 | D:5      | Reached skill level 7 in Fighting
  4372 | D:5      | Reached XP level 7. HP: 51/60 MP: 10/10
  4527 | D:5      | Reached skill level 5 in Stealth
  4675 | D:5      | Reached XP level 8. HP: 34/67 MP: 12/12
  4993 | D:5      | Found a staircase to the Ecumenical Temple.
  5533 | D:5      | Found a runed translucent door.
  5534 | D:5      | Noticed Crazy Yiuf
  5541 | D:5      | Killed Crazy Yiuf
  5720 | D:6      | Found Ceakk's Armour Shop.
  6034 | D:6      | Found a shadowy altar of Dithmenos.
  6119 | D:6      | Reached XP level 9. HP: 25/72 MP: 14/14
  6598 | D:6      | Found a shimmering blue altar of Sif Muna.
  6740 | D:6      | Found an opulent altar of Gozag.
  6815 | D:7      | Reached **** piety under the Shining One
  7107 | D:7      | Reached skill level 5 in Evocations
  7225 | D:7      | Reached skill level 8 in Fighting
  7348 | D:7      | Reached skill level 5 in Invocations
  7458 | D:7      | Found Geloj's General Store.
  7485 | D:7      | Noticed Harold
  7503 | D:7      | Killed Harold
  7504 | D:7      | Reached XP level 10. HP: 32/80 MP: 15/17
  7508 | D:7      | Reached skill level 5 in Short Blades
  7508 | D:7      | Reached skill level 5 in Long Blades
  7508 | D:7      | Reached skill level 5 in Axes
  7508 | D:7      | Reached skill level 5 in Maces & Flails
  7508 | D:7      | Reached skill level 5 in Polearms
  7508 | D:7      | Reached skill level 5 in Staves
  7508 | D:7      | Reached skill level 5 in Slings
  7508 | D:7      | Reached skill level 5 in Bows
  7508 | D:7      | Reached skill level 5 in Crossbows
  7508 | D:7      | Reached skill level 5 in Throwing
  7508 | D:7      | Reached skill level 5 in Armour
  7508 | D:7      | Reached skill level 5 in Shields
  7508 | D:7      | Reached skill level 5 in Spellcasting
  8160 | D:8      | Found a staircase to the Lair.
  9346 | D:8      | Identified the +3 scale mail of Cetau {rN+ Will++ rCorr}
  9489 | D:8      | Found an ornate altar of the Wu Jian Council.
  9811 | D:8      | Found a glowing golden altar of the Shining One.
  9893 | Lair:1   | Entered Level 1 of the Lair of Beasts
 10123 | D:9      | Reached XP level 11. HP: 76/87 MP: 19/19
 10181 | D:9      | You fall into a shaft and drop 1 floor!
 10181 | D:10     | Entered Level 10 of the Dungeon
 10189 | D:10     | Noticed a two-headed ogre
 10189 | D:10     | Reached ***** piety under the Shining One
 10199 | D:10     | Slain by a two-headed ogre

Illustrated notes

Levels and vault maps discovered:
D:1:      saegor_arrival_fortress, layout_loops_ring,
          dreamdust_ecumenical_altar_drowned_temple
D:2:      layout_basic
D:3:      kennysheep_goblin_castle, layout_loops_ring,
          nicolae_hepliaklqana_hazy_memory, lemuel_doored_altar, serial_shops,
          shop, nrook_mini_backslash, chequers_serial_rivers_large_b,
          minmay_close_crescents
D:4:      layout_basic, yredelemnul_forgotten_temple_becter,
          trog_three_pillars_becter, kennysheep_mini, zin_purify, serial_shops,
          shop_fountains, gammafunk_ghost_necromancy, eino_tiny_chamber
D:5:      layout_basic, temple_fountains, minmay_misc_feat_square,
          uniq_prince_ribbit1, uniq_crazy_yiuf_cottage
D:6:      layout_loops_ring, mainiacjoe_overflow_alcove_1,
          nicolae_sif_muna_condensation,
          nicolae_dithmenos_through_a_glass_darkly, serial_shops, shop_statue,
          kennysheep_generic_room_6
D:7:      layout_cave_pools, serial_shops, nicolae_shop_trees, uniq_harold
D:8:      layout_loops_ring, nzn_wu_jian_council_hall, kennysheep_little_box,
          minmay_lair_entry_grove
D:9:      layout_loops_cross, mainiacjoe_overflow_24_doors, serial_shops, shop
D:10:     layout_layer_cave, erik_orc_1, grunt_ogre_cave
Lair:1:   layout_misc_corridors, serial_bayou_shore_a

Skill      XL: |  1  2  3  4  5  6  7  8  9 10 |
---------------+-------------------------------+-----
Invocations    | 1 2 3 4 5 6 |  6.4
Short Blades   | 1 2 3 4 5 |  5.9
Long Blades    | 1 2 3 4 5 |  5.9
Axes           | 1 2 3 4 5 |  5.9
Maces & Flails | 1 2 3 4 5 |  5.9
Polearms       | 1 2 3 4 5 |  5.9
Staves         | 1 2 3 4 5 |  5.9
Slings         | 1 2 3 4 5 |  5.9
Bows           | 1 2 3 4 5 |  5.9
Crossbows      | 1 2 3 4 5 |  5.9
Throwing       | 1 2 3 4 5 |  5.9
Armour         | 1 2 3 4 5 |  5.9
Shields        | 1 2 3 4 5 |  5.9
Spellcasting   | 1 2 3 4 5 |  5.9
Conjurations   | 1 2 3 4 |  4.8
Hexes          | 1 2 3 4 |  4.8
Summonings     | 1 2 3 4 |  4.8
Necromancy     | 1 2 3 4 |  4.8
Translocations | 1 2 3 4 |  4.8
Transmutations | 1 2 3 4 |  4.8
Fire Magic     | 1 2 3 4 |  4.8
Ice Magic      | 1 2 3 4 |  4.8
Air Magic      | 1 2 3 4 |  4.8
Earth Magic    | 1 2 3 4 |  4.8
Poison Magic   | 1 2 3 4 |  4.8
Evocations     | 3 4 5 6 |  6.5
Dodging        | 5 6 7 |  7.5
Unarmed Combat | 5 6 7 |  7.5
Fighting       | 7 8 |  8.9
Stealth        | 5 6 7 |  7.3

Action                   |  1- 3 |  4- 6 |  7- 9 | 10-12 || total
-------------------------+-------+-------+-------+-------++-------
Melee: Quarterstaff      |    89 |    16 |       |       ||   105
       Bite              |     8 |    18 |    42 |    27 ||    95
       Dagger            |       |   175 |   315 |   253 ||   743
       Punch             |       |     5 |    10 |     7 ||    22
Evoke: Wand              |       |       |     1 |     1 ||     2
  Use: Potion            |       |       |     1 |       ||     1
 Stab: Sleeping          |     3 |       |       |       ||     3
Armor: Robe              |    15 |    44 |   101 |    23 ||   183
       Scale mail        |       |       |       |    49 ||    49
Dodge: Dodged            |    45 |   124 |   230 |   102 ||   501
Block: Buckler           |       |       |       |    23 ||    23
